 Dungeon Crawl Stone Soup version 0.21.1-1-g345015f (webtiles) character file.

128 toffzen the Firebug (level 4, -14/24 HPs)
             Began as a Deep Elf Fire Elementalist on Apr 11, 2018.
             Was an Initiate of Sif Muna.
             Killed from afar by Supreme's ghost (17 damage)
             ... with an orb of energy
             ... on level 3 of the Dungeon.
             The game lasted 00:06:07 (2666 turns).

toffzen the Firebug (Deep Elf Fire Elementalist)    Turns: 2666, Time: 00:06:08

Health: -14/24     AC:  2    Str:  5    XL:     4   Next: 87%
Magic:  11/11      EV: 13    Int: 21    God:    Sif Muna [......]
Gold:   70         SH:  0    Dex: 15    Spells: 2/10 levels left

rFire    . . .     SeeInvis .   k - +0 hand axe
rCold    . . .     Gourm    .   (no shield)
rNeg     . . .     Faith    .   a - +0 robe
rPois    .         Spirit   .   (no helmet)
rElec    .         Reflect  .   (no cloak)
rCorr    .         Harm     .   (no gloves)
MR       .....                  (no boots)
Stlth    +.........             (no amulet)
HPRegen  0.08/turn              (no ring)
MPRegen  0.12/turn              (no ring)

@: confused
A: no striking features
a: Renounce Religion


You were on level 3 of the Dungeon.
You worshipped Sif Muna.
Sif Muna was noncommittal.
You were not hungry.

You visited 1 branch of the dungeon, and saw 3 of its levels.

You collected 70 gold pieces.

Inventory:

Hand Weapons
 k - a +0 hand axe (weapon)
Missiles
 f - 69 sling bullets
 i - 78 stones (quivered)
Armour
 a - a +0 robe (worn)
Scrolls
 g - a scroll of amnesia {unknown}
 h - a scroll of fog {unknown}
 l - 4 scrolls of identify {unknown}
 n - a scroll of teleportation {unknown}
 o - a scroll of magic mapping {unknown}
Potions
 d - a potion of lignification {unknown}
 e - 2 potions of curing {unknown}
 j - 2 potions of flight {unknown}
 m - 2 potions of berserk rage {unknown}
 p - a potion of might {unknown}
 r - a potion of degeneration {unknown}
Books
 b - a book of Flames

   Spells                             Type                      Level
   a - Flame Tongue                   Conjuration/Fire             1
   b - Throw Flame                    Conjuration/Fire             2
   c - Conjure Flame                  Conjuration/Fire             3
   d - Inner Flame                    Hexes/Fire                   3
   e - Sticky Flame                   Conjuration/Fire             4
   f - Fireball                       Conjuration/Fire             5
Comestibles
 c - 4 rations


   Skills:
 + Level 0.1 Axes
 - Level 2.4 Dodging
 - Level 2.4 Stealth
 + Level 3.8 Spellcasting
 * Level 3.5 Conjurations
 * Level 4.6 Fire Magic


You had 2 spell levels left.
You knew the following spells:

 Your Spells              Type           Power        Failure   Level  Hunger
a - Flame Tongue          Conj/Fire      ###..        2%          1    None
b - Conjure Flame         Conj/Fire      ###.....     7%          3    ###....
c - Sticky Flame          Conj/Fire      ###.....     22%         4    ####...


Dungeon Overview and Level Annotations

Branches:
Dungeon (3/15)

Altars:
Okawaru
Sif Muna

Annotations:
D:3 Supreme's ghost, amateur DECj


Message History

Found a ring mail.
c - 4 rations (gained 1)
You see here a ring mail.
Supreme's ghost (amateur Deep Elf Conjurer) comes into view.
It is wielding a weapon of protection.
Supreme's ghost turns its malevolent gaze towards you.
Supreme's ghost casts a spell at you. The spray of energy hits you!
You are confused.
Supreme's ghost points at you and mumbles some strange words.
The spray of energy hits you!
Ouch! That really hurt!
* * * LOW HITPOINT WARNING * * *
You are more confused.
You're too confused to cast spells.
You're too confused!
You bump into the rock wall.
Supreme's ghost gestures at you while chanting.
The orb of energy hits you!
Ouch! That really hurt!
You die...

#.# .# #.# .#...
#.#..#..# #.#.....#.#
#######.. ....#..
#.......# .......
#...###.##..<..#
#..@..[........##
###.#.#.###.#........
....W.......#......##
....###.###.#...##...
... ..# #.#.#......
.. ##.# ###.####### .
..# #.# ### #<# ###


You could see Supreme's ghost.

Vanquished Creatures
  A hound (D:2)
  An adder (D:2)
  3 gnolls (D:2)
  2 oozes (D:1)
  2 dart slugs
  An orc (D:2)
  3 giant cockroaches
  4 goblins
  8 hobgoblins
  3 jackals (D:2)
  5 quokkas (D:2)
  2 bats (D:1)
  4 kobolds
  6 rats
45 creatures vanquished.

Notes
Turn   | Place    | Note
-------+----------+-------------------------------------------
     0 | D:1      | toffzen the Deep Elf Fire Elementalist began the quest for the Orb.
     0 | D:1      | Reached XP level 1. HP: 10/10 MP: 6/6
   169 | D:1      | Reached XP level 2. HP: 15/15 MP: 4/8
   365 | D:1      | Reached skill level 4 in Fire Magic
   819 | D:2      | Found a deep blue altar of Sif Muna.
   827 | D:2      | Became a worshipper of Sif Muna the Loreminder
   832 | D:2      | Reached XP level 3. HP: 19/19 MP: 6/9
  1366 | D:2      | Learned a level 3 spell: Conjure Flame
  1822 | D:2      | Reached XP level 4. HP: 23/24 MP: 3/11
  2056 | D:2      | Found an iron altar of Okawaru.
  2118 | D:2      | Learned a level 4 spell: Sticky Flame
  2663 | D:3      | Noticed Supreme's ghost (amateur DECj)
  2666 | D:3      | Killed from afar by Supreme's ghost

Skill      XL: |  1  2  3  4 |
---------------+-------------+-----
Fire Magic     | 4 |  4.6
Conjurations   | 2 3 |  3.5
Axes           | |  0.1
Dodging        | |  2.4
Stealth        | |  2.4
Spellcasting   | |  3.8

Action                   |  1- 3 |  4- 6 || total
-------------------------+-------+-------++-------
Melee: Hand axe          |     1 |       ||     1
Throw: Stone             |       |     1 ||     1
 Cast: Flame Tongue      |    70 |    24 ||    94
  Eat: Chunk             |     2 |     3 ||     5
Armor: Robe              |     4 |       ||     4
Dodge: Dodged            |    24 |     6 ||    30
